 Dungeon Crawl Stone Soup version 0.25-a0-647-gd602d06ee1 (webtiles) character file.

Game seed: 7060104282937630160, levelgen mode: deterministic

139 Amnesiac the Covered (level 5, -3/49 HPs)
             Began as a Deep Dwarf Fighter on Mar 19, 2020.
             Slain by a scorpion (6 damage)
             ... on level 3 of the Dungeon on Mar 21, 2020.
             The game lasted 00:05:58 (1887 turns).

Amnesiac the Covered (Deep Dwarf Fighter)           Turns: 1887, Time: 00:05:58

Health: -3/49      AC:  9    Str: 21    XL:     5   Next: 1%
Magic:  5/5        EV:  7    Int:  8    God:
Gold:   121        SH:  9    Dex: 12    Spells: 4/4 levels left

rFire    . . .     SeeInvis .   b - +0 hunting sling
rCold    . . .     Gourm    .   c - +0 kite shield
rNeg     . . .     Faith    .   w - +0 scale mail
rPois    .         Spirit   .   g - +0 helmet
rElec    .         Reflect  .   (no cloak)
rCorr    .         Harm     .   (no gloves)
MR       .....                  s - +0 pair of boots
Stlth    +.........             t - amulet of the acrobat
HPRegen  0.00/turn              h - ring of stealth
MPRegen  0.09/turn              (no ring)

@: non-regenerating
A: damage resistance, heal wounds, sense surroundings 1, no regeneration
a: Heal Wounds


You were on level 3 of the Dungeon.
You were not hungry.

You visited 1 branch of the dungeon, and saw 3 of its levels.

You collected 121 gold pieces.

Inventory:

Hand Weapons
 a - a +0 war axe
 b - a +0 hunting sling (weapon)
Missiles
 p - 9 sling bullets (quivered)
 q - 65 stones
Armour
 c - a +0 kite shield (worn)
 g - a +0 helmet (worn)
 s - a +0 pair of boots (worn)
 w - a +0 scale mail (worn)
Jewellery
 h - a ring of stealth (left hand)
 t - an amulet of the acrobat (around neck)
Scrolls
 i - a scroll of magic mapping {!r, unknown}
 j - a scroll of fear {!r, unknown}
 l - a scroll of remove curse {!r, unknown}
 m - a scroll of fog {!r, unknown}
 n - 3 scrolls of enchant armour {!r, unknown}
 o - a scroll of blinking {!r, unknown}
Potions
 d - 2 potions of might {!q}
 e - a potion of magic {!q, unknown}
 k - a potion of resistance {!q}
 u - 2 potions of curing {!q}
 v - a potion of ambrosia {!q}
Comestibles
 f - 4 rations
 r - 2 chunks of flesh


   Skills:
 - Level 3.4 Fighting
 - Level 3.3 Axes
 + Level 0.9 Slings
 - Level 4.2 Armour
 - Level 4.1 Shields


You had 4 spell levels left.
You didn't know any spells.
Your spell library was empty.

Dungeon Overview and Level Annotations

Branches:
Dungeon (3/15)

Altars:
Gozag


Innate Abilities, Weirdness & Mutations

You are resistant to damage.
You can heal yourself by infusing magical energy.
You passively map a small area around you.
You do not regenerate.


Message History

Aim: a scorpion (moderately wounded)
You shoot a sling bullet.
The sling bullet completely misses the scorpion.
You block the scorpion's attack.
Firing (i - inventory. (/) - cycle)
p - 15 sling bullets (quivered)
Press: ? - help, Shift-Dir - straight line, f/p - scorpion
Aim: a scorpion (moderately wounded)
You shoot a sling bullet. The sling bullet hits the scorpion.
The scorpion is heavily wounded.
You block the scorpion's attack.
Firing (i - inventory. (/) - cycle)
p - 14 sling bullets (quivered)
Press: ? - help, Shift-Dir - straight line, f/p - scorpion
Aim: a scorpion (heavily wounded)
You shoot a sling bullet.
The sling bullet barely misses the scorpion.
The scorpion stings you!
* * * LOW HITPOINT WARNING * * *
The scorpion stings you!
* * * LOW HITPOINT WARNING * * *
You are too injured to fight recklessly!
You are too injured to fight recklessly!
You are too injured to fight recklessly!
You are too injured to fight recklessly!
Okay, then.
Unknown command.
Okay, then.
Unknown command. (m)acro, (M)acro raw, keymap [(k) default, (x) level-map, (t)argeting, (c)onfirm, m(e)nu], (s)ave?
Input macro trigger key: \{-1015} Current Action: aaf Do you wish to (r)edefine, (c)lear, or (a)bort?
Input macro action: f.
Created macro '\{-1015}' => 'f.'. (m)acro, (M)acro raw, keymap [(k) default, (x) level-map, (t)argeting, (c)onfirm, m(e)nu], (s)ave?
Saving macros.
Firing (i - inventory. (/) - cycle)
p - 13 sling bullets (quivered)
Press: ? - help, Shift-Dir - straight line, f/p - scorpion
Aim: a scorpion (heavily wounded)
You shoot a sling bullet.
The sling bullet closely misses the scorpion.
The scorpion stings you.
* * * LOW HITPOINT WARNING * * *
You are poisoned.
The scorpion poisons you!
You are no longer poisoned.
Firing (i - inventory. (/) - cycle)
p - 12 sling bullets (quivered)
Press: ? - help, Shift-Dir - straight line, f/p - scorpion
Aim: a scorpion (heavily wounded)
You shoot a sling bullet. The sling bullet hits the scorpion.
The scorpion is severely wounded.
The scorpion completely misses you.
Firing (i - inventory. (/) - cycle)
p - 11 sling bullets (quivered)
Press: ? - help, Shift-Dir - straight line, f/p - scorpion
Aim: a scorpion (severely wounded)
You shoot a sling bullet.
The sling bullet completely misses the scorpion.
You block the scorpion's attack.
Firing (i - inventory. (/) - cycle)
p - 10 sling bullets (quivered)
Press: ? - help, Shift-Dir - straight line, f/p - scorpion
Aim: a scorpion (severely wounded)
You shoot a sling bullet.
The sling bullet completely misses the scorpion.
The scorpion stings you!
You die...

........#.######(..####. #......
###..##.#.# ...(((( ##.#.##
#..†....# ...#### #.....
#.......# ...# ## ####.##
#####.#### ...(,..# #......
#.......# *...###.# #.##.##
###.##.##.# ...# #.# #)##.#
#......##.###########.# #.##..
#.#.##......##.@s.(...# #.#####
...#.##.##.#.##.#####..# #.#####
####.##.##.#.##.#..s...####......
#.......#............>.....###
###....#####.#.###.##......#
#....# #.#.###.##.##.#.#
######.## #.......##.#..#.#
#.......# ###.######.#.##.#
#.####..# #.....# #.#.##.#


You could see a scorpion.

Vanquished Creatures
  A jelly (D:2)
  An orc wizard (D:3)
  An adder (D:3)
  A worm (D:3)
  A dart slug (D:3)
  6 orcs (D:3)
  7 bats
  5 giant cockroaches
  7 goblins
  6 hobgoblins
  4 jackals
  2 quokkas
  3 ball pythons
  6 frilled lizards
  5 kobolds
  4 rats
60 creatures vanquished.

Notes
Turn   | Place    | Note
-------+----------+-------------------------------------------
     0 | D:1      | Amnesiac the Deep Dwarf Fighter began the quest for the
                  | Orb.
     0 | D:1      | Reached XP level 1. HP: 20/20 MP: 1/1
     0 | D:1      | Upgraded the game from 0.25-a0-632-g7713895373 to
                  | 0.25-a0-647-gd602d06ee1
   284 | D:1      | Reached XP level 2. HP: 27/27 MP: 2/2
  1036 | D:2      | Reached XP level 3. HP: 31/34 MP: 3/3
  1359 | D:3      | Reached XP level 4. HP: 31/42 MP: 4/4
  1813 | D:3      | Found an opulent altar of Gozag.
  1841 | D:3      | Reached XP level 5. HP: 15/49 MP: 5/5
  1887 | D:3      | Slain by a scorpion

Levels and vault maps discovered:
D:1:      co_arrival_random_square_maze, layout_loops_ring
D:2:      layout_loops_cross, first_ration, minmay_quadrilaterals
D:3:      layout_loops_cross, marbit_many_paths, minmay_vboxes

Skill      XL: |  1  2  3  4 |
---------------+-------------+-----
Fighting       | 3 |  3.4
Axes           | 3 |  3.3
Armour         | 4 |  4.2
Shields        | 4 |  4.1
Slings         | |  0.9

Action                   |  1- 3 |  4- 6 || total
-------------------------+-------+-------++-------
Melee: War axe           |    81 |    73 ||   154
 Fire: Hunting sling     |       |    27 ||    27
  Use: Scroll            |       |     3 ||     3
       Potion            |       |     1 ||     1
  Eat: Chunk             |     1 |     2 ||     3
Armor: Scale mail        |    42 |    40 ||    82
Dodge: Dodged            |    28 |    13 ||    41
Block: Kite shield       |    43 |    57 ||   100

Table legend:
 A = Non-vault XP
 B = Vault XP
 C = Vault XP percentage of total XP
 D = Non-vault monster count
 E = Vault monster count
 F = Vault count percentage of total count
                 A         B        C        D         E       F
            +---------+---------+-------+---------+---------+-------
      Total |     129 |      70 |  35.2 |      48 |      12 |  20.0
            +---------+---------+-------+---------+---------+-------
        D:1 |      25 |       0 |   0.0 |      16 |       0 |   0.0
        D:2 |      57 |       5 |   8.1 |      11 |       4 |  26.7
        D:3 |      47 |      65 |  58.0 |      21 |       8 |  27.6
            +---------+---------+-------+---------+---------+-------
